 Dungeon Crawl Stone Soup version 0.31.0-32-g396128a36d (webtiles) character file.

Game seed: 2422254546992371316

69 porpoise the Chopper (level 4, 0/40 HPs)
             Began as a Hill Orc Fighter on Mar 27, 2024.
             Killed from afar by an orc wizard (5 damage)
             ... with a puff of flame
             ... on level 3 of the Dungeon.
             The game lasted 00:03:58 (1883 turns).

porpoise the Chopper (Hill Orc Fighter)             Turns: 1883, Time: 00:03:59

Health: 0/40       AC:  8    Str: 20    XL:     4   Next: 20%
Magic:  4/4        EV:  9    Int:  8    God:
Gold:   140        SH:  4    Dex: 10    Spells: 3/3 levels left

rFire   . . .        a - +0 war axe
rCold   . . .        c - +0 buckler
rNeg    . . .        b - +0 scale mail
rPois   .            r - +0 helmet
rElec   .            (no cloak)
rCorr   .            (no gloves)
SInv    .            (no boots)
Will    .....        (no amulet) Stlth
                     (no ring)
HPRegen 0.26/turn    (no ring)
MPRegen 0.09/turn

%: no passive effects
@: lethally poisoned (0 -> -4)
A: no striking features
a: no special abilities


You were on level 3 of the Dungeon.
You visited 1 branch of the dungeon, and saw 3 of its levels.

You collected 140 gold pieces.

Inventory:

Hand Weapons
 a - a +0 war axe (weapon)
Missiles
 i - 4 curare-tipped darts (quivered)
 o - 7 poisoned darts
 q - 4 atropa-tipped darts
Armour
 b - a +0 scale mail (worn)
 c - a +0 buckler (worn)
 r - a +0 helmet (worn)
Jewellery
 e - a ring of see invisible
 m - a ring of magical power
Scrolls
 f - a scroll of fog {unknown}
 h - 3 scrolls of identify {unknown}
 j - 3 scrolls of teleportation {unknown}
 k - 2 scrolls of revelation {unknown}
 p - a scroll of amnesia {unknown}
Potions
 d - 3 potions of might
 g - 2 potions of enlightenment {unknown}
 l - a potion of curing {unknown}
 n - a potion of heal wounds {unknown}


   Skills:
 + Level 4.3 Fighting
 * Level 4.5 Axes
 - Level 3.2 Armour
 + Level 3.9 Shields


You had 3 spell levels left.
You didn't know any spells.
Your spell library contained the following spells:

 Spells                   Type           Power      Damage    Failure   Level
 Sandblast                Erth           0%         2d4       83%         1
 Passwall                 Erth           0%         N/A       99%         3
 Stone Arrow              Conj/Erth      0%         3d7       99%         3
 Brom's Barrelling Bould  Conj/Erth      0%         2d3       100%        4


Dungeon Overview and Level Annotations

Branches:
Dungeon (3/15)

Altars:
Gozag

Annotations:
D:3 3 runed translucent doors, MiniGinger's ghost, amateur GnHs


Message History

You feel very sick. The orc hits you but does no damage.
You feel very sick. The ribbon worm barely misses you.
You hit the orc but do no damage. You hit the orc. You hit the ribbon worm.
You feel very sick.
The orc wizard mumbles some strange words.
The orc wizard flickers and vanishes!
Deactivating autopickup; reactivate with Ctrl-A.
The orc hits you with a +2 mace of protection.
The ribbon worm bites you.
* * * LOW HITPOINT WARNING * * *
You hit the orc.
The orc is severely wounded.
You barely miss the ribbon worm. You slash the orc!
You kill the orc!
* * * LOW HITPOINT WARNING * * *
You feel very sick. The orc hits you but does no damage.
The ribbon worm barely misses you.
Press: ? - help, v - describe, . - travel
Here: an orc, wielding a +0 short sword of venom (heavily wounded)
The floor.
Unknown command.
Unknown command.
You slash the orc!
You kill the orc!
You slash the ribbon worm! You barely miss the orc.
* * * LOW HITPOINT WARNING * * *
You feel sick. You block the orc's attack. You block the ribbon worm's attack.
You hit the orc.
You kill the orc!
You slash the orc!
You kill the orc!
You hit the ribbon worm but do no damage.
* * * LOW HITPOINT WARNING * * *
You feel sick.
You hear some strange, mumbled words.
A puff of flame appears from out of thin air!
The puff of flame hits you.
You die...

.... #...............#
....# #.....#..##.....#
.....# #.##............#
......##.....#####.....#
.......####.............
........###..#####.....#
.........##.............
.....{w))##..........#.#
.......@)##......#.#.#.#
.........##.............
.........#.......#...#.#
.........#.........#...#
.............#..........#
..........#....###..#.###
.........###.....#..#.###
........####.#.#.†.......
......[......#..........#


You could see a ribbon worm.

Vanquished Creatures
  A dart slug (D:1)
  A ribbon worm (D:2)
  4 orcs (D:3)
  9 ball pythons
  4 bats
  4 endoplasms
  4 giant cockroaches
  A goblin (D:2)
  7 hobgoblins
  5 jackals
  2 kobolds (D:2)
  5 quokkas
  3 frilled lizards
  5 rats
55 creatures vanquished.

Notes
Turn   | Place    | Note
-------+----------+-------------------------------------------
     0 | D:1      | porpoise the Hill Orc Fighter began the quest for the Orb.
     0 | D:1      | Reached XP level 1. HP: 19/19 MP: 1/1
    77 | D:1      | Reached XP level 2. HP: 25/27 MP: 2/2
   270 | D:1      | Reached XP level 3. HP: 29/33 MP: 3/3
  1239 | D:2      | Reached XP level 4. HP: 40/40 MP: 4/4
  1763 | D:3      | Found a runed translucent gate.
  1765 | D:3      | Found a runed translucent gate.
  1765 | D:3      | Found an opulent altar of Gozag.
  1766 | D:3      | Found a runed translucent gate.
  1767 | D:3      | Noticed MiniGinger's ghost (amateur GnHs)
  1776 | D:3      | Noticed a gnoll sergeant
  1883 | D:3      | Killed from afar by an orc wizard

Illustrated notes

Levels and vault maps discovered:
D:1:      elethiomel_arrival_quiet, layout_basic, interstate_on_off,
          minmay_pentomino_q2
D:2:      layout_rooms
D:3:      layout_basic, nemelex_spade_bored_becter,
          nicolae_gozag_zags_fifth_avenue, ebering_ghost_gozag,
          minmay_crystal_room

Skill      XL: |  1  2  3 |
---------------+----------+-----
Axes           | 3 4 |  4.5
Fighting       | 4 |  4.3
Armour         | |  3.2
Shields        | |  3.9

Action                     |  1- 3 |  4- 6 || total
---------------------------+-------+-------++-------
  Melee: War axe           |   120 |    20 ||   140
 Armour: Scale mail        |    77 |    20 ||    97
  Dodge: Dodged            |    64 |     6 ||    70
  Block: Buckler           |    25 |     3 ||    28
